 Dungeon Crawl Stone Soup version 0.21.1-1-g345015f (webtiles) character file.

80 inc the Scratcher (level 4, 19/19 HPs)
             Began as a Felid Transmuter on Mar 6, 2018.
             Quit the game on level 4 of the Dungeon.
             The game lasted 00:05:53 (3428 turns).

inc the Scratcher (Felid Transmuter)                Turns: 3428, Time: 00:05:54

Health: 19/19      AC:  1    Str: 11    XL:     4   Next: 18%
Magic:  8/8        EV: 22    Int: 15    God:
Gold:   177        SH:  4    Dex: 17    Spells: 6/7 levels left
                                        Lives:  0   Deaths: 1

rFire    . . .     SeeInvis +     - Unarmed
rCold    . . .     Gourm    .   (shield unavailable)
rNeg     . . .     Faith    .   (armour unavailable)
rPois    +         Spirit   .   (helmet unavailable)
rElec    .         Reflect  .   (cloak unavailable)
rCorr    .         Harm     .   (gloves unavailable)
MR       .....                  (boots unavailable)
Stlth    ++........             (no amulet)
HPRegen  0.06/turn              m - +5 ring of strength
MPRegen  0.11/turn              o - ring of poison resistance

@: quick
A: very small, no armour, no weapons or thrown items, stealth, claws 1, fangs 3,
repulsion field 1, large bone plates 1, see invisible, carnivore, speed 1,
shaggy fur 1, slow metabolism 1, sharp paws
a: no special abilities


You were on level 4 of the Dungeon.
You were not hungry.

You visited 1 branch of the dungeon, and saw 4 of its levels.

You collected 177 gold pieces.

Inventory:

Missiles
 a - 85 arrows
Jewellery
 m - a +5 ring of strength (left paw)
 o - a ring of poison resistance (right paw)
Scrolls
 e - a scroll of teleportation {unknown}
 f - a scroll of amnesia {unknown}
 g - 2 scrolls of magic mapping {unknown}
 h - a scroll of fear {unknown}
 j - a scroll of random uselessness {unknown}
 n - a scroll of blinking {unknown}
 p - a scroll of enchant armour {unknown}
 q - a scroll of noise {unknown}
 r - 2 scrolls of remove curse {unknown}
 v - a scroll of immolation {unknown}
 y - a scroll of identify
Potions
 d - a potion of heal wounds
 i - a potion of lignification
 k - a potion of brilliance {unknown}
 l - 2 potions of mutation
 s - a potion of degeneration
 u - a potion of haste {unknown}
 w - a potion of might {unknown}
 x - a potion of curing {unknown}
Books
 b - a book of Changes

   Spells                             Type                      Level
   a - Beastly Appendage              Transmutation                1
   b - Sticks to Snakes               Transmutation                2
   c - Spider Form                    Transmutation/Poison         3
   d - Ice Form                       Ice/Transmutation            4
   e - Blade Hands                    Transmutation                5
 t - a book of Maledictions

   Spells                             Type                      Level
   a - Corona                         Hexes                        1
   b - Ensorcelled Hibernation        Hexes/Ice                    2
   c - Confuse                        Hexes                        3
   d - Tukima's Dance                 Hexes                        3
   e - Dazzling Spray                 Conjuration/Hexes            3
Comestibles
 c - 8 rations


   Skills:
 - Level 1.0 Fighting
 + Level 4.9 Dodging
 - Level 5.0 Unarmed Combat
 - Level 2.0 Spellcasting
 - Level 2.1 Transmutations


You had 6 spell levels left.
You knew the following spells:

 Your Spells              Type           Power        Failure   Level  Hunger
a - Beastly Appendage     Tmut           #.....       9%          1    #......


Dungeon Overview and Level Annotations

Branches:
Dungeon (4/15)
 Temple: D:4-7

Altars:
Fedhas
Kikubaaqudgha
Zin


Innate Abilities, Weirdness & Mutations

You cannot wear armour.
You are incapable of wielding weapons or throwing items.
Your paws allow you to move quietly. (Stealth)
You have sharp claws.
You have razor-sharp teeth.
You have supernaturally acute eyesight. (SInv)
You are carnivorous and can eat meat at any time.
You cover ground quickly.
You are covered in fur. (AC +1)
You have a slow metabolism.
Your sharp claws are effective at attacking unaware monsters.
You are surrounded by a mild repulsion field. (EV +2)
You are partially covered in large bone plates. (SH +4)


Message History

You are too injured to fight recklessly!
You are too injured to fight recklessly!
You are too injured to fight recklessly!
You are too injured to fight recklessly!
You are too injured to fight recklessly!
You are too injured to fight recklessly!
You are too injured to fight recklessly!
You barely miss the ball python. Your bite misses the ball python.
The ball python bites you.
* * * LOW HITPOINT WARNING * * *
The ball python barely misses you. The wyvern zombie bites you!
Ouch! That really hurt!
You die...
You are now level 4!
You rejoin the land of the living...
Found a ring mail.
You open the door.
Found a glowing silver altar of Zin.
There is an open door here.
Are you sure you want to abandon this character and quit the game? (Confirm with "yes".) ###### ##....### #.......## #...#..8.## #..###....# #..#.#..8.# #..#_@....# #..#.#..8.# ...###....# o.o

..... ..8.## ...
...... ...... ...
.[..... .......
.o.
###........######
... ....# .# ...
#....# ...


There were no monsters in sight!

Vanquished Creatures
  A worker ant (D:4)
  5 adders
  3 worms
  7 dart slugs
  2 leopard geckos
  8 orcs
  5 bats
  A giant cockroach (D:2)
  10 goblins
  5 hobgoblins
  3 kobolds
  A quokka (D:2)
  2 ball pythons
  2 frilled lizards
  A leopard gecko skeleton (D:4)
  8 rats
64 creatures vanquished.

Notes
Turn   | Place    | Note
-------+----------+-------------------------------------------
     0 | D:1      | inc the Felid Transmuter began the quest for the Orb.
     0 | D:1      | Reached XP level 1. HP: 9/9 MP: 4/4
    99 | D:2      | Found an ancient bone altar of Kikubaaqudgha.
   281 | D:2      | Reached XP level 2. HP: 6/12 MP: 6/6
   481 | D:2      | Reached skill level 4 in Unarmed Combat
   532 | D:2      | Reached XP level 3. HP: 14/15 MP: 7/7
  1235 | D:1      | Gained mutation: You are partially covered in large bone plates. (SH +4) [potion of mutation]
  1235 | D:1      | Gained mutation: You are surrounded by a mild repulsion field. (EV +2) [potion of mutation]
  1826 | D:2      | Reached skill level 5 in Unarmed Combat
  1826 | D:2      | Reached XP level 4. HP: 19/19 MP: 8/8
  2078 | D:3      | Found a blossoming altar of Fedhas.
  2663 | D:3      | Found a faded altar of an unknown god.
  2994 | D:4      | Reached XP level 5. HP: 2/22 MP: 9/9
  3419 | D:4      | Mangled by a wyvern zombie
  3420 | D:4      | Reached XP level 4. HP: -6/19 MP: 8/8
  3426 | D:4      | Found a glowing silver altar of Zin.
  3428 | D:4      | Quit the game

Skill      XL: |  1  2  3  4 |
---------------+-------------+-----
Unarmed Combat | 4 5 |  5.0
Dodging        | 4 |  4.9
Fighting       | |  1.0
Spellcasting   | |  2.0
Transmutations | |  2.1

Action                   |  1- 3 |  4- 6 || total
-------------------------+-------+-------++-------
Melee: Unarmed           |    91 |    90 ||   181
       Bite              |     7 |    14 ||    21
       Punch             |     1 |       ||     1
  Use: Potion            |     2 |       ||     2
       Scroll            |     2 |     1 ||     3
 Stab: Sleeping          |     8 |     3 ||    11
       Distracted        |       |     1 ||     1
  Eat: Chunk             |     1 |     3 ||     4
Armor: Skin              |     4 |     1 ||     5
Dodge: Dodged            |    63 |    61 ||   124
Block: Other             |     4 |    12 ||    16
